cohdb
Replays
Latest Replays
All Replays
Popular Replays
Top Player Replays
Match Explorer
How It Works
Community
CoH3 Stats
Reddit
Sign in to upload your games and track your stats! →
Sign in with Steam
Match 46088976
Unlisted
Match 46088976
Overview
Messages
Build Orders
End
Construct Barracks
Scout Squad
Selects Heavy Weapons
Riflemen Squad
1⁄4-ton 4x4 Truck
Riflemen Squad
Riflemen Squad
Engineer Squad
Construct Medical Station
Air Support Center
Construct Motor Pool
Selects Assault Carriers
Selects Exchangeable Parts
Lancer777
Nostalgi@
0
0
Comments
sign in to comment!
No comments posted yet!